[Event "*** Titled Tuesday Blitz"]
[Site "Chess.com"]
[Date "2020.04.07"]
[Round "5"]
[White "wonderfultime"]
[Black "jncool68"]
[Result "1-0"]
[WhiteElo "2964"]
[BlackElo "2646"]
[TimeControl "180+1"]
[EndTime "13:57:57 PDT"]
[Termination "wonderfultime won by resignation"]

1. d4 Nf6 2. Nf3 e6 3. Bf4 d5 4. e3 Bd6 5. Bg3 O-O 6. Nbd2 c5 7. c3 Qc7 8. Bd3 Nbd7 9. O-O e5 10. dxe5 Nxe5 11. Nxe5 Bxe5 12. Re1 Be6 13. Qa4 Bxg3 14. hxg3 b6 15. Qh4 Rad8 16. Rad1 Rfe8 17. a4 h6 18. Bb5 Bd7 19. Bxd7 Qxd7 20. Qf4 Qc6 21. g4 Ne4 22. Nxe4 dxe4 23. a5 Rd3 24. axb6 axb6 25.
Ra1 Rd2 26. Ra7 Qe6 27. b4 cxb4 28. cxb4 Red8 29. Rb7 R8d6 30. Rc1 Rd1+ 31. Rxd1 Rxd1+ 32. Kh2 Rd6 33. Rxf7 Qxf7 34. Qxd6 Qxf2 35. Qe6+ Qf7 36. Qxe4 Qc7+ 37. Kh3 Qd6 38. b5 g5 39. Qc6 Qd1 40.
Qg6+ Kf8 41. Qxh6+ Kf7 42. Qh7+ Ke6 43. Qg6+ Kd7 44.
Qc6+ Ke7 45. Qb7+ Ke8 46. Qb8+ Ke7 47. Qe5+ Kd7 48. Qf5+ Kd6 49. Kh2 Qd5 50. Qf6+ Kc5 51. Qf5 Kc4 52. Kg3 Qxb5 53. Qe6+ Kc3 54. e4 Qd3+ 55.
Kh2 b5 56. Qe5+ Kc2 57. Qc5+ Kd1 58. e5 Qe4 59. Qd6+ Ke2 60. e6 Kf1 61. Qd1+ Kf2 62. Qf3+ Qxf3 63. gxf3 b4 64. e7 b3 65. e8=Q b2 66. Qb5 1-0

[Event "*** Titled Tuesday Blitz"]
[Site "Chess.com"]
[Date "2020.04.07"]
[Round "5"]
[White "dusanacns"]
[Black "gvanna"]
[Result "1-0"]
[WhiteElo "2730"]
[BlackElo "2453"]
[TimeControl "180+1"]
[EndTime "13:57:58 PDT"]
[Termination "dusanacns won by checkmate"]

1. e4 c5 2. Nf3 g6 3. c3 d5 4. e5 Bg7 5. d4 Nc6 6. Bb5 Bg4 7. Nbd2 Qb6 8. Bxc6+ Qxc6 9. O-O e6 10. h3 Bxf3 11. Nxf3 Ne7 12. Re1 h6 13. g4 O-O 14.
Be3 cxd4 15. cxd4 Rac8 16. Qd2 Kh7 17. Rec1 Qb5 18. h4 f6 19. exf6 Rxf6 20. Ne5 Rxc1+ 21. Rxc1 Nc6 22. Nxc6 bxc6 23. Qc2 Bf8 24. b3 e5 25. dxe5 Re6 26. h5 c5 27. hxg6+ Rxg6 28. Qf5 Kg7 29. g5 hxg5 30. Kg2 Be7 31. Rd1 Qc6 32. f3 d4 33. Bf2 g4 34. Bg3 gxf3+ 35. Qxf3 Qxf3+ 36.
Kxf3 Kf7 37. Bf4 Ke6 38. Ke4 Rg4 39. Kf3 Rh4 40. Rg1 Rh3+ 41. Ke4 Rh4 42. Rg6+ Kf7 43. Rg2 Ke6 44. Rg6+ Kf7 45. Rg1 Bf8 46. Rg2 Bh6 47. Kd5 Bxf4 48. e6+ Ke7 49. Rg7+ Ke8 50. Rg8+ Ke7 51.
Rg7+ Kf6 52. Rf7+ Kg5 53. e7 Rh8 54. Rf8 Rh2 55. e8=Q d3 56. Rg8+ Kh4 57. Qe1+ Kh3 58. Qe6+ Kh4 59. Qg4# 1-0

[Event "*** Titled Tuesday Blitz"]
[Site "Chess.com"]
[Date "2020.04.07"]
[Round "5"]
[White "joppie2"]
[Black "BobanBogosavljevic"]
[Result "0-1"]
[WhiteElo "3003"]
[BlackElo "2783"]
[TimeControl "180+1"]
[EndTime "13:58:01 PDT"]
[Termination "BobanBogosavljevic won by resignation"]

1. e4 c5 2. Nf3 Nc6 3. c3 Nf6 4. e5 Nd5 5. Bc4 Nb6 6. Bb3 c4 7.
Bc2 d5 8. exd6 Qxd6 9. O-O g6 10. b3 Bg7 11. Na3 cxb3 12. axb3 O-O 13. d4 e5 14. Nb5 Qd7 15. dxe5 Qxd1 16. Rxd1 Nxe5 17. Nxe5 Bxe5 18. Be3 Be6 19. Bd4 Bxd4 20. Nxd4 Bd7 21. c4 Rfc8 22. Be4 Rc7 23. Ra5 Re8 24. Bf3 a6 25. h4 h5 26. c5 Nc8 27. c6 bxc6 28. Rc1 Ne7 29. Rxa6 Rb8 30. Ra5 Rb4 31. Rc4 Rcb7 32. Re5 Rxc4 33.
bxc4 Kf8 34. Rc5 Rb6 35. Kh2 Ke8 36. Kg3 Kd8 37. Kf4 Kc7 38. Ke5 Rb2 39. Kf6 Nc8 40. Kxf7 Kb6 41. Rg5 Nd6+ 42. Kxg6 Be8+ 43. Kg7 Nxc4 44.
Bxh5 Bxh5 45. Rxh5 Rxf2 46. g4 Rf4 47. Nf5 Rxg4+ 48. Kf6 c5 49. Rh8 Rg1 50. h5 Rf1 51. Ke6 Re1+ 52. Kf6 Rf1 53. Kg5 Rg1+ 54. Kf4 Rf1+ 55.
Kg4 Ne5+ 56. Kg3 Rxf5 57. h6 Rh5 58. h7 Nc6 59. Kg4 Rh1 60. Kf4 c4 61. Ke4 Rh4+ 62.
Ke3 Kc5 63. Kd2 Rh2+ 64. Kc3 Rh3+ 65. Kd2 c3+ 66. Kc2 Nd4+ 67. Kb1 c2+ 68. Kb2 Rb3+ 69.
Ka2 Ra3+ 70. Kb2 Rb3+ 71. Ka2 c1=Q 72. Rc8+ Nc6 73. Kxb3 Qb1+ 74. Ka3 Qxh7 75. Rb8 0-1

[Event "*** Titled Tuesday Blitz"]
[Site "Chess.com"]
[Date "2020.04.07"]
[Round "5"]
[White "Jospem"]
[Black "VeraLevel"]
[Result "1-0"]
[WhiteElo "2923"]
[BlackElo "2715"]
[TimeControl "180+1"]
[EndTime "13:58:06 PDT"]
[Termination "Jospem won by resignation"]

1. c4 c6 2. Nf3 d5 3. g3 Nf6 4.
Bg2 dxc4 5. O-O Nbd7 6. Qc2 Nb6 7. Na3 Qd5 8. b3 cxb3 9. axb3 Bf5 10. d3 Bg6 11.
Nc4 Qd8 12. Na5 Qc8 13. Ne5 Nfd7 14. Nxd7 Nxd7 15. Be3 e5 16. Rfc1 Bb4 17. Nxb7 a5 18. Qxc6 O-O 19. Nxa5 e4 20. Qxc8 Rfxc8 21. Rxc8+ Rxc8 22. Bxe4 Bxe4 23. dxe4 Ra8 24. Ra4 Bxa5 25. b4 Kf8 26.
bxa5 Ra6 27. Bd4 f6 28. f3 Ke7 29. Kf2 Kd6 30. Bc3 Kc5 31. Ke3 h5 32. h4 Rc6 33.
Kd2 Kb5 34. Rb4+ Ka6 35. Rd4 Nc5 36. Rd8 Kb5 37. Rg8 Nb3+ 38. Kd3 Rd6+ 39. Ke3 Rd7 40. Rb8+ Kc4 41. Be1 Nc5 42. Rc8 Kb5 43. Kf2 Rd1 44. Bc3 Rd7 45. e5 fxe5 46. Bxe5 g6 47. Rg8 Rd5 48.
Bf4 Ne6 49. Rxg6 Nd4 50. Rg5 Rf5 51. Rxf5+ Nxf5 52. e4 Ng7 53. g4 Kxa5 54. Be5 Ne6 55. gxh5 Kb5 56. h6 Nf8 57. h5 Kc6 58. Bg7 Nh7 59. Ke3 Kd6 60. Kf4 Ke6 61. Kg4 Kf7 62. Kf5 Kg8 63. Be5 Kf7 64. Bg3 Nf8 65. Bh4 Ne6 66. Ke5 Nf8 67. f4 Nd7+ 68. Kf5 Nc5 69. h7 Kg7 70. e5 Kxh7 71. e6 Kg7 72. h6+ Kxh6 73. e7 Nb7 74. Ke6 Nd6 75. Kxd6 Kh5 76. e8=Q+ Kxh4 77. Qg8 Kh5 78. f5 Kh6 79. f6 Kh5 80. f7 Kh4 81. f8=Q Kh5 82. Qgg7 1-0

[Event "*** Titled Tuesday Blitz"]
[Site "Chess.com"]
[Date "2020.04.07"]
[Round "5"]
[White "yawnpawn"]
[Black "esskeettit"]
[Result "1/2-1/2"]
[WhiteElo "1759"]
[BlackElo "2329"]
[TimeControl "180+1"]
[EndTime "13:58:12 PDT"]
[Termination "Game drawn by repetition"]

1. e4 c5 2. Nf3 Nc6 3. Bb5 g6 4. O-O Bg7 5. c3 Nf6 6. Re1 O-O 7. d4 d5 8. e5 Ne4 9. Nbd2 Nxd2 10. Bxd2 cxd4 11.
cxd4 Bg4 12. Bxc6 bxc6 13. h3 Bf5 14. Be3 Qb6 15. Qd2 Rab8 16. b3 Rfc8 17. Rec1 Bf8 18. Bh6 Be4 19. Bxf8 Rxf8 20. Nh2 f6 21. exf6 exf6 22.
Ng4 Kh8 23. Rc5 Rbe8 24. Rac1 Re6 25. Qc3 Rc8 26. Ne3 Qd8 27. f3 Bf5 28. Nxd5 Rd6 29. Ne3 Be6 30. d5 Bxd5 31. Nxd5 Rxd5 32. Rxd5 Qxd5 33.
Qxf6+ Kg8 34. Re1 Qc5+ 35. Kh1 Rf8 36. Qe6+ Kh8 37. Qe5+ Qxe5 38. Rxe5 Rd8 39. Rc5 Rd2 40. Rxc6 Rxa2 41. Rc7 Rb2 42. Rb7 a5 43. Ra7 Rxb3 44. Rxa5 Kg7 45. Ra7+ Kh6 46. Kh2 Rc3 47. Kg3 Rc2 48.
h4 Rb2 49. Kh3 Rc2 50. g3 Rc3 51. f4 Rb3 52. Kg4 Rc3 53. Ra5 Kg7 54. h5 Rc6 55. Ra7+ Kg8 56. h6 Rd6 57. f5 gxf5+ 58. Kxf5 Rxh6 59.
g4 Rg6 60. g5 Rb6 61. Ra8+ Kg7 62. Ra7+ Kg8 63. Kg4 Rc6 64. Kh5 Rb6 65. Re7 Rb1 66. Kg4 Rg1+ 67. Kh5 Rg2 68. Rb7 Rh2+ 69. Kg4 Rg2+ 70.
Kh5 Rg1 71. Rb8+ Kg7 72. Rb7+ Kg8 73. Rb8+ Kg7 74. Rb7+ Kh8 75. Rb8+ Kg7 1/2-1/2

[Event "*** Titled Tuesday Blitz"]
[Site "Chess.com"]
[Date "2020.04.07"]
[Round "5"]
[White "daro94"]
[Black "Hubbery"]
[Result "1-0"]
[WhiteElo "2853"]
[BlackElo "2625"]
[TimeControl "180+1"]
[EndTime "13:58:14 PDT"]
[Termination "daro94 won by resignation"]

1. c4 e6 2. g3 d5 3. Bg2 dxc4 4. Nf3 a6 5. O-O Nf6 6. Qc2 b5 7. Ne1 Ra7 8. d3 cxd3 9. Nxd3 Nbd7 10. a4 Bb7 11. Bxb7 Rxb7 12. axb5 axb5 13. Be3 Bd6 14. Qc6 Rb8 15. Nc3 b4 16. Nb5 O-O 17. Nxd6 cxd6 18.
Qxd6 Nd5 19. Bd4 N7f6 20. Qxd8 Rfxd8 21. Rfc1 Nf4 22. Nxf4 Rxd4 23. Ra7 Rd7 24. Rxd7 Nxd7 25. Rc7 Nf6 26. Kg2 h6 27. Nd3 Nd5 28. Rd7 Rc8 29.
Kf3 Rc2 30. e4 Nb6 31. Rb7 Rd2 32. Ne5 Na4 33. Rxb4 Nxb2 34. Rb8+ Kh7 35. Nxf7 Nd1 36. Rh8+ Kg6 37. Ne5+ Kf6 38. Ng4+ Kg6 39. h4 h5 40. Ne5+ Kf6 41. Rxh5 Rxf2+ 42. Kg4 Ne3+ 43. Kh3 Rf1 44. Ng4+ Nxg4 45. Kxg4 Re1 46. Kf3 Rf1+ 47. Ke2 Rg1 48. Kf2 Ra1 49. e5+ Kf7 50. Rg5 Ra3 51. Kg2 Rb3 52. Kh3 Rb4 53. h5 Rc4 54. Kg2 Re4 55. Kf3 Ra4 56. Rg4 Ra3+ 57. Kg2 Ra5 58. Rf4+ Ke7 59. Re4 Ra1 60. Kf3 Kf7 61. Rf4+ Ke7 62.
Rb4 Rf1+ 63. Kg4 Rf5 64. Rb7+ Kf8 65. Rb5 Rf1 66. Kg5 Rg1 67. g4 Rg2 68. Rb4 Re2 69.
Kg6 Rxe5 70. Rb8+ Ke7 71. Rb7+ Kf8 72. Rf7+ Ke8 73. Rxg7 Re1 74. h6 1-0

[Event "*** Titled Tuesday Blitz"]
[Site "Chess.com"]
[Date "2020.04.07"]
[Round "5"]
[White "Galileo22"]
[Black "nochewycandy"]
[Result "1/2-1/2"]
[WhiteElo "2343"]
[BlackElo "2517"]
[TimeControl "180+1"]
[EndTime "13:58:17 PDT"]
[Termination "Game drawn - insufficient material"]

1. d4 g6 2. Nf3 Bg7 3. e4 d6 4.
Bc4 Nf6 5. Qe2 O-O 6. h3 d5 7.
exd5 Nxd5 8. O-O Nb6 9. Bd3 Nc6 10. c3 Be6 11. Bg5 Qd7 12. Nbd2 Bf5 13. Ne4 Bxe4 14. Qxe4 e6 15. Rfe1 a6 16. Rad1 Rae8 17. Bb1 Nc4 18.
Qe2 Nd6 19. Qd2 b5 20. Ne5 Nxe5 21. dxe5 f6 22. exd6 fxg5 23. dxc7 Qxc7 24. Qxg5 Rf6 25. Re2 Ref8 26. Bc2 Qb6 27. Qg3 a5 28. Rf1 a4 29.
a3 Qc5 30. Qe3 Qd6 31. Qd3 Qb6 32. Qe3 Qc7 33. Bd3 Qb8 34. h4 h5 35. Bb1 Kh7 36.
Qe4 Bh6 37. g3 Qd6 38. Kg2 Qc5 39. Ba2 e5 40. Qd5 Qxd5+ 41. Bxd5 Kg7 42. Be4 Re8 43. Rd1 Re7 44. Rd5 Rb6 45. Re1 Kf6 46. Red1 Ree6 47. f3 Re7 48. g4 hxg4 49. fxg4 Bf4 50. Kf3 Ree6 51. g5+ Kg7 52. Rd7+ Kf8 53. Rh7 Rbd6 54. Rxd6 Rxd6 55. Rb7 Rd2 56. Rxb5 Rh2 57. Rb8+ Kf7 58. Rb7+ Kf8 59. Bxg6 Rxh4 60. Be4 Rh3+ 61. Kg4 Rg3+ 62. Kf5 Rxg5+ 63. Ke6 Rg1 64. Bc6 Rd1 65. Bxa4 Rd2 66. b4 e4 67. Rf7+ Kg8 68. Rxf4 e3 69. Rg4+ Kh7 70. Re4 Kh6 71. Bb5 e2 72. Rxe2 Rd8 73.
Re5 Kg6 74. Ke7 Rd1 75. Re6+ Kg7 76. Bd7 Rc1 77. c4 Rxc4 78. b5 Rc3 79. Rc6 Rxa3 80. Kd8 Rb3 81. Kc7 Rxb5 82. Rd6 Rg5 83. Bc6 Rg6 84. Kd7 Rxd6+ 85. Kxd6 1/2-1/2

[Event "*** Titled Tuesday Blitz"]
[Site "Chess.com"]
[Date "2020.04.07"]
[Round "5"]
[White "Grandmaster2B"]
[Black "Everyfishknows"]
[Result "1-0"]
[WhiteElo "2548"]
[BlackElo "2352"]
[TimeControl "180+1"]
[EndTime "13:58:24 PDT"]
[Termination "Grandmaster2B won by checkmate"]

1. e4 e5 2. Nf3 Nc6 3. Bb5 a6 4. Ba4 Nf6 5. O-O Be7 6. Re1 b5 7. Bb3 d6 8. c3 O-O 9. h3 Bb7 10. d4 Re8 11. Nbd2 Bf8 12. a3 h6 13. Bc2 Nb8 14.
b3 Nbd7 15. Bb2 g6 16. g3 Bg7 17. Kh2 Rc8 18. Rb1 c5 19. d5 c4 20. b4 a5 21.
bxa5 Qxa5 22. a4 bxa4 23. Bxa4 Red8 24. Bc2 Ba6 25. Ra1 Qb6 26. Ba3 Qxf2+ 27. Kh1 Qxg3 28. Ng1 Nh5 29. Bxd6 Nf4 30. Qf3 Qxf3+ 31. Ndxf3 Ra8 32. Reb1 Nd3 33. Bc7 Rdc8 34. d6 Bf6 35. Ra5 N7c5 36. Rb6 Bb7 37. Rab5 Ba6 38. Ra5 Bb7 39. Rxa8 Rxa8 40.
Bxd3 Nxd3 41. Rxb7 Nf2+ 42. Kg2 Nxe4 43. Rb8+ Rxb8 44. Bxb8 Nxc3 45. d7 Bd8 46. Nxe5 Kf8 47. Bd6+ Kg7 48. Nxc4 Ne4 49. Be5+ f6 50. Bf4 Nc5 51.
Nd6 Nxd7 52. Nf3 g5 53. Bh2 Nf8 54. Nd4 Bb6 55. N4f5+ Kg6 56. Ne7+ Kg7 57. Ndf5+ Kf7 58. Nd5 Bc5 59. Nxh6+ Ke6 60. Nc7+ Kd7 61. Ng4 Ne6 62. Nxf6+ Ke7 63. Nfd5+ Kd7 64. Nxe6 Kxe6 65. Nc3 Bd4 66. Ne4 Kf5 67. Kf3 Bg7 68. Bg1 Bf8 69. Be3 Be7 70.
Ng3+ Kg6 71. Kg4 Bd6 72. Ne4 Be7 73. Bxg5 Bb4 74. h4 Kh7 75. h5 Bf8 76. Nf6+ Kh8 77.
Kf5 Kg7 78. Ng4 Kh7 79. Kf6 Bg7+ 80. Kf7 Kh8 81. Bf6 Kh7 82. Bg5 Kh8 83. Ne3 Kh7 84. Nf5 Be5 85. h6 Bg7 86. Nxg7 Kh8 87. Nf5 Kh7 88.
Kf6 Kh8 89. Kg6 Kg8 90. h7+ Kh8 91. Bf6# 1-0

[Event "*** Titled Tuesday Blitz"]
[Site "Chess.com"]
[Date "2020.04.07"]
[Round "5"]
[White "petrpalachev"]
[Black "rubhani"]
[Result "0-1"]
[WhiteElo "2728"]
[BlackElo "2478"]
[TimeControl "180+1"]
[EndTime "13:58:29 PDT"]
[Termination "rubhani won on time"]

1. d4 Nf6 2. c4 e6 3. g3 d5 4. Bg2 Bb4+ 5. Bd2 Bd6 6. Nc3 c6 7. Qc2 O-O 8. e4 dxe4 9. Nxe4 Be7 10. Nf3 Nbd7 11. h4 b5 12. b3 bxc4 13. bxc4 Ba6 14. O-O Nxe4 15. Qxe4 Bxc4 16. Rfe1 Bd5 17. Qg4 Nf6 18.
Qh3 c5 19. dxc5 Bxc5 20. Bg5 h6 21. Be3 Bxe3 22. Rxe3 Rc8 23. a3 Rc2 24. Rae1 Qc7 25. Nd4 Rc1 26. Bxd5 Rxe1+ 27. Rxe1 Qc3 28. Qf1 Nxd5 29.
Nb5 Qb2 30. Rb1 Qa2 31. Qc1 Qe2 32. Nxa7 Rd8 33. Nc6 Rc8 34. Rb8 Rxb8 35. Nxb8 Nf6 36. Nc6 Ne4 37. Qf1 Qc2 38. Nd4 Qb2 39. Nf3 Qxa3 40.
Qe2 Qa1+ 41. Kg2 Nf6 42. Qe5 Qxe5 43. Nxe5 Kf8 44. Kf3 Ke7 45. Ke3 Nd7 46. Nd3 Kd6 47.
f3 e5 48. Nf2 Nc5 49. h5 Ke6 50. g4 f5 51. Nd1 f4+ 52. Ke2 e4 53. fxe4 Nxe4 54. Kf3 Ke5 55. Nb2 Ng5+ 56. Kf2 f3 57.
Ke3 f2 58. Nd3+ Kf6 59. Nxf2 Ne6 60. Nd3 Kg5 61. Kf3 Nd4+ 62. Kg3 Ne2+ 63. Kf3 Nd4+ 64. Kg3 Nc6 65. Nf2 Kf6 66. Kf4 Ke6 67. Ne4 Ne7 68.
Ng3 Nd5+ 69. Kf3 Kf6 70. Ne4+ Ke5 71. Ng3 Ne7 72. Ke3 Kf6 73. Kf4 Nd5+ 74. Ke4 Ne7 75. Kf4 Nd5+ 76. Kf3 Nc7 77. Nf1 Ne6 78. Ne3 Kg5 79.
Ke4 Nf4 0-1

[Event "*** Titled Tuesday Blitz"]
[Site "Chess.com"]
[Date "2020.04.07"]
[Round "5"]
[White "rynos0411"]
[Black "kungmongmanh"]
[Result "1-0"]
[WhiteElo "2394"]
[BlackElo "2532"]
[TimeControl "180+1"]
[EndTime "13:58:32 PDT"]
[Termination "rynos0411 won on time"]

1. e4 e6 2. d4 d5 3. exd5 exd5 4.
Bd3 Nf6 5. Ne2 Bd6 6. h3 O-O 7. O-O h6 8. c3 Nc6 9. Bf4 Ne7 10. Qc2 Bxf4 11. Nxf4 Qd6 12. Ne2 Be6 13. Nd2 b6 14. Nf3 c5 15. Ng3 c4 16. Be2 Qf4 17.
Ne5 Nf5 18. Nxf5 Bxf5 19. Qc1 Qxc1 20. Raxc1 Rfe8 21. Bf3 Be4 22. Bxe4 Nxe4 23. f3 Nd6 24. Kf2 f6 25. Ng6 Rad8 26. Rfe1 Kf7 27. Nf4 Rxe1 28. Rxe1 Nb5 29. h4 Nc7 30. h5 b5 31. Kg3 a5 32.
Kg4 b4 33. Kf5 bxc3 34. bxc3 Nb5 35. Re3 Rd7 36. Ng6 Nd6+ 37. Kg4 Nb5 38. Nh8+ Kf8 39.
Kf5 Rd8 40. Ng6+ Kg8 41. Ne7+ Kf7 42. Ng6 Nd6+ 43. Kf4 Re8 44. Rxe8 Kxe8 45. Ke3 Kf7 46. Nf4 Nf5+ 47. Kd2 Ne7 48. g4 Ke8 49. Ke3 Kd7 50. Ne2 Kd6 51. Kf4 Ke6 52. Ng3 Nc6 53. Nf5 Kf7 54.
Nd6+ Ke6 55. Ne8 Kf7 56. Nc7 Ne7 57. a4 Kf8 58. Kg3 Kf7 59. f4 f5 60. g5 hxg5 61. fxg5 g6 62. h6 Kg8 63. Kf4 Kf7 64. Ke5 Kg8 65. Nxd5 Nc6+ 66. Kf6 Kh7 67. Ne7 Nxe7 68. Kxe7 f4 69. d5 f3 70. d6 f2 71. d7 f1=Q 72.
d8=Q Qe2+ 73. Kd7 Qd3+ 74. Kc7 Qg3+ 75. Kb6 Qe3+ 76. Kb7 Qe4+ 77. Ka7 Qe3+ 78. Qd4 Qe7+ 79. Ka6 Qe6+ 80. Kxa5 Qf5+ 81. Kb4 1-0

[Event "*** Titled Tuesday Blitz"]
[Site "Chess.com"]
[Date "2020.04.07"]
[Round "5"]
[White "bait_or_mate"]
[Black "MFBerna"]
[Result "1/2-1/2"]
[WhiteElo "2502"]
[BlackElo "2332"]
[TimeControl "180+1"]
[EndTime "13:58:35 PDT"]
[Termination "Game drawn by repetition"]

1. d4 Nf6 2. c4 e6 3. Nf3 d5 4. g3 Be7 5. Bg2 O-O 6. O-O dxc4 7. Ne5 c5 8. dxc5 Qc7 9. Nxc4 Qxc5 10. b3 Nc6 11.
Ba3 Nb4 12. Nc3 Rd8 13. Qc1 Qh5 14. Ne3 e5 15. Qb2 Bh3 16. Rad1 Bxg2 17. Kxg2 Rd4 18. Nb5 Re4 19. h3 Qg6 20. Nd6 Bxd6 21. Rxd6 Nc6 22. Rfd1 Re8 23. Qd2 Rd4 24. Qc2 Qxc2 25. Nxc2 Rxd1 26.
Rxd1 Rd8 27. Rxd8+ Nxd8 28. Bd6 Nd7 29. Kf3 f5 30. Ke3 Kf7 31. Kd3 Ke6 32. Ba3 Nc6 33.
Ne3 g6 34. Nc4 b5 35. Nd2 e4+ 36. Kc3 Kd5 37. Nf1 a5 38. Ne3+ Ke6 39. Bb2 Nde5 40. a4 bxa4 41. bxa4 Nb4 42. Kb3 Nec6 43. Nc4 Nd5 44.
Bc1 Nd4+ 45. Kb2 Nxe2 46. Bd2 Ng1 47. h4 Nh3 48. Be1 e3 49. Nxe3 Nxe3 50. fxe3 Ng1 51. Bxa5 Kd5 52. Kc3 Ne2+ 53. Kd3 Nxg3 54. Bc7 Ne4 55.
a5 Kc6 56. Bd8 Nc5+ 57. Kd4 Ne6+ 58. Ke5 Nxd8 59. Kf6 Kd5 60. Kg7 Ke4 61. Kxh7 Kxe3 62. Kxg6 f4 63. h5 Ne6 64. a6 f3 65. a7 Nc7 66. h6 f2 67. h7 f1=Q 68. h8=Q Qg2+ 69. Kf5 Qf3+ 70. Kg6 Qg4+ 71. Kh7 Qh5+ 72. Kg8 Qg6+ 73. Qg7 Qe8+ 74. Qf8 Qg6+ 75. Qg7 Qe6+ 76. Qf7 Qg4+ 77. Qg7 Qe6+ 78. Qf7 Qg4+ 79. Qg7 Qe6+ 1/2-1/2

[Event "*** Titled Tuesday Blitz"]
[Site "Chess.com"]
[Date "2020.04.07"]
[Round "5"]
[White "SlavenPastar"]
[Black "pedroholly22"]
[Result "1-0"]
[WhiteElo "2511"]
[BlackElo "2322"]
[TimeControl "180+1"]
[EndTime "13:58:35 PDT"]
[Termination "SlavenPastar won by resignation"]

1. d4 Nf6 2. c4 e6 3. Nc3 Bb4 4. e3 O-O 5. Bd3 b6 6. Ne2 Bb7 7. f3 c5 8. O-O d6 9. Bd2 Nbd7 10.
Rc1 a6 11. Qe1 Qe7 12. Qh4 e5 13. d5 g6 14. Qh6 Rfe8 15. Ng3 Qf8 16. Qg5 Qg7 17.
Nge4 Nxe4 18. fxe4 f6 19. Qg3 Rf8 20. Rf3 Rf7 21.
Rcf1 Raf8 22. Qf2 Bc8 23. Na4 Bxd2 24. Qxd2 Kh8 25. Qd1 f5 26. exf5 e4 27. Bxe4 Ne5 28.
Rg3 Nxc4 29. b3 Qe5 30. Qa1 Nd2 31. Bd3 Nxf1 32. Qxe5+ dxe5 33. Bxf1 Bxf5 34. Nxb6 Rb7 35. Nc4 Bb1 36. Be2 Bxa2 37. Bd1 Bxb3 38. Na5 Bxd1 39. Nxb7 Bb3 40. e4 Bc2 41. Re3 c4 42. Nc5 Bd3 43. Nxa6 Ra8 44. Nc5 Ra1+ 45. Kf2 c3 46. Nxd3 c2 47. Kg3 Rd1 48. Nc1 Rxc1 49. Rc3 Kg7 50. Rc7+ Kf8 51. Kf2 Ke8 52. Ke2 Rg1 53. Rxc2 Rxg2+ 54. Kd3 Rxc2 55. Kxc2 Kd7 56. Kd3 Kd6 57. Ke3 h6 58.
Kf3 Kd7 59. Kg4 Ke7 60. Kg3 Kf6 61. Kh4 Ke7 62. Kg4 Kf6 63. h3 Ke7 64. h4 Kf6 65. Kf3 Ke7 66. Ke3 Kf6 67. Ke2 Ke7 68. Kf2 Kd6 69.
Kg3 Ke7 70. Kg4 Kf6 71. h5 g5 72. Kh3 Ke7 73. Kg3 Kd7 74. Kg4 Ke7 75. Kf5 Kd7 76.
Kxe5 Ke7 77. Kf5 Kd7 78. e5 Ke7 79. d6+ Kd7 80. Kf6 g4 81. e6+ Kxd6 82. e7 g3 83. e8=Q g2 84. Qe1 1-0

[Event "*** Titled Tuesday Blitz"]
[Site "Chess.com"]
[Date "2020.04.07"]
[Round "5"]
[White "vugarrasulov"]
[Black "Gennady_Kozlov"]
[Result "1/2-1/2"]
[WhiteElo "2763"]
[BlackElo "2600"]
[TimeControl "180+1"]
[EndTime "13:58:51 PDT"]
[Termination "Game drawn by repetition"]

1. e4 e6 2. d4 d5 3. Nd2 dxe4 4. Nxe4 Nd7 5. g3 Ngf6 6. Nxf6+ Nxf6 7. Bg2 c5 8. Nf3 cxd4 9. Qxd4 Qxd4 10. Nxd4 Bc5 11. Nb3 Bb6 12. c4 a5 13. a4 Nd7 14. O-O Nc5 15. Nd4 Bd7 16. Nb5 Ke7 17. Bf4 Bxb5 18. axb5 Rhd8 19. Be3 Rab8 20. Rxa5 Bxa5 21. Bxc5+ Kf6 22.
b4 Bc7 23. Ba7 Ra8 24. b6 Bb8 25. Bxb7 Bxa7 26. Bxa8 Bxb6 27. Bf3 Rd3 28. Be4 Rd4 29. Bc6 Rxc4 30. b5 Rc2 31. Kg2 e5 32. Kf3 Ke6 33. Be4 Rc3+ 34. Kg2 f5 35. Bb1 e4 36. Rd1 Ke5 37.
Ba2 Bd4 38. Rd2 Rc5 39. f4+ exf3+ 40. Kxf3 Rxb5 41. Re2+ Kd6 42. Re6+ Kd7 43. Ra6 Bf6 44. Bg8 h6 45. h4 Rb4 46. Be6+ Ke7 47. Bxf5 Rb3+ 48. Kg4 Rb4+ 49. Kh5 Rb3 50. Kg4 Rb4+ 51. Kh3 Rb3 52. Re6+ Kf7 53. Re2 Rc3 54. Be6+ Kg6 55.
Kg4 h5+ 56. Kf4 Bd8 57. Bf5+ Kf6 58. Re6+ Kf7 59. Ra6 Bc7+ 60. Kg5 Rc5 61. g4 g6 62. Rxg6 hxg4 63. Kxg4 Rc4+ 64. Kh5 Bd8 65. Be6+ Ke7 66. Bg4 Rc5+ 67. Kh6 Kf7 68. h5 Bg5+ 69. Kh7 Bf6 70.
Be6+ Kxe6 71. h6 Kf7 72. Rg2 Rh5 73. Rf2 Rh4 74. Rf3 Rh5 75. Rf2 Re5 76. Rg2 Re8 77. Rg8 Re7 78. Rg2 Ke6+ 79. Kg6 Re8 80. h7 Rf8 81. Re2+ Kd7 82. Rf2 Ke7 83. Re2+ Kd7 84. Rf2 Ke7 85. Ra2 Be5 86. Ra7+ Ke6 87. Ra6+ Bd6 88.
Kg7 Rf7+ 89. Kg6 Rf6+ 90. Kg5 Rf5+ 91. Kg6 Rf6+ 92. Kh5 Rf5+ 93. Kg6 Rf6+ 1/2-1/2

[Event "*** Titled Tuesday Blitz"]
[Site "Chess.com"]
[Date "2020.04.07"]
[Round "5"]
[White "troisi"]
[Black "Berant"]
[Result "1/2-1/2"]
[WhiteElo "2044"]
[BlackElo "2284"]
[TimeControl "180+1"]
[EndTime "13:58:59 PDT"]
[Termination "Game drawn by repetition"]

1. e4 c5 2. c3 Nf6 3. e5 Nd5 4. Nf3 Nc6 5. d4 cxd4 6. cxd4 d6 7. Bc4 e6 8. O-O Nb6 9. Bb5 dxe5 10. Nxe5 Bd7 11. Nxd7 Qxd7 12. Nc3 Be7 13. Be3 O-O 14. Qg4 Nd5 15. Bg5 Bxg5 16. Qxg5 h6 17. Qh4 Qe7 18.
Qe4 Nxc3 19. bxc3 Rac8 20. Bd3 g6 21. Rfe1 Qg5 22. Re3 Ne7 23. Rg3 Qd2 24. Qxb7 Qxc3 25.
Rd1 Rc7 26. Qe4 Qc6 27. Qf4 h5 28. Qh6 Nf5 29. Bxf5 exf5 30. Qxh5 Qc2 31. h3 f4 32. Rg5 Rfc8 33. Qf3 Qxd1+ 34. Qxd1 Rc1 35. Qxc1 Rxc1+ 36. Kh2 Rc2 37. Ra5 Rxf2 38. Rxa7 f3 39. Kg3 Rxg2+ 40. Kxf3 Rd2 41. Ke4 Rh2 42. a4 Rxh3 43. a5 Ra3 44. a6 Kg7 45. Ke5 g5 46. Kf5 Ra5+ 47. Ke4 Kg6 48. d5 f5+ 49. Ke5 g4 50. Ra8 g3 51. a7 Kg7 52. Rb8 Rxa7 53. Rb3 Re7+ 54. Kxf5 Kf7 55. Rxg3 Re1 56. Rb3 Ke7 57. Rb6 Kd7 58.
Ra6 Re2 59. Rh6 Re8 60. Re6 Rh8 61. Ke5 Rh5+ 62. Kd4 Rh1 63. Rg6 Rd1+ 64. Kc4 Rc1+ 65. Kd3 Rd1+ 66. Ke4 Re1+ 67. Kf5 Re2 68. Ra6 Rf2+ 69.
Ke4 Re2+ 70. Kd3 Re1 71. Rf6 Rd1+ 72. Kc4 Rc1+ 73. Kd4 Rd1+ 74. Kc5 Rc1+ 75. Kb4 Rb1+ 76. Kc3 Rc1+ 77. Kd3 Rd1+ 78. Ke4 Re1+ 79. Kd4 Rd1+ 80. Ke5 Re1+ 81. Kf4 Rf1+ 82. Ke5 Re1+ 83. Kd4 Rd1+ 1/2-1/2

[Event "*** Titled Tuesday Blitz"]
[Site "Chess.com"]
[Date "2020.04.07"]
[Round "5"]
[White "imdarealist"]
[Black "Pudor"]
[Result "1-0"]
[WhiteElo "2229"]
[BlackElo "2350"]
[TimeControl "180+1"]
[EndTime "13:59:10 PDT"]
[Termination "imdarealist won by checkmate"]

1. d4 d5 2. Bf4 Nf6 3. e3 e6 4. c3 c5 5. Nd2 Bd6 6. Bg3 O-O 7.
Ngf3 Nc6 8. Bd3 b6 9. e4 Be7 10. e5 Nh5 11. Qb1 h6 12. a3 a5 13. Nf1 cxd4 14.
cxd4 a4 15. Ne3 Na5 16. Qd1 Nb3 17. Rb1 Nxg3 18. hxg3 Ba6 19. Bc2 Qc7 20. Bxb3 axb3 21. Qxb3 Rac8 22. Nd1 Qc2 23. Qxc2 Rxc2 24. Nd2 Rfc8 25.
Ne3 Rc1+ 26. Nd1 Bd3 27. Rxc1 Rxc1 28. Nf1 Bg5 29. f4 Bd8 30. Kd2 Ra1 31. Kxd3 Rxd1+ 32. Kc2 Ra1 33. Kd2 b5 34. Ke2 Ba5 35. g4 Rb1 36. b4 Bb6 37. Rh3 Bxd4 38. Rd3 Bb6 39. Nd2 Rg1 40. Rg3 Rc1 41. g5 h5 42. Rh3 g6 43. Rd3 Kf8 44. Nf3 Ke7 45. Nd4 Bxd4 46. Rxd4 Rc3 47. Rd3 Rc2+ 48. Rd2 Rc4 49. g3 Kd7 50.
Ke3 Kc6 51. Rd3 Rc1 52. Kd2 Rg1 53. Rc3+ Kb6 54. Rd3 Rh1 55. Ke2 Rh2+ 56. Kf3 Ra2 57. Ke3 Rb2 58. Kd4 Kc6 59. Rc3+ Kb6 60. Rd3 Rc2 61.
Rc3 Rd2+ 62. Rd3 Rg2 63. Re3 h4 64. gxh4 Rg4 65. Rf3 Rxh4 66. Kd3 Kc6 67. Kd4 Rh1 68.
Rc3+ Kb6 69. Rf3 Rd1+ 70. Rd3 Rc1 71. Rc3 Re1 72. Re3 Rh1 73. Rf3 Rh4 74. Kd3 Ka6 75. Kc3 Rh1 76. Kd4 Rd1+ 77. Kc5 Rc1+ 78. Kd6 d4 79. Rd3 Rc4 80. Ke7 Kb6 81. Kxf7 Rc3 82. Rxd4 Rxa3 83. Kxe6 Ra7 84. Kf6 Kc6 85. e6 Ra6 86. e7 Kc7+ 87. Kf7 Rc6 88. e8=Q Rd6 89. Rxd6 Kxd6 90. Qe6+ Kc7 91. Qxg6 Kb7 92. Qe6 Ka7 93. Qd5 Ka6 94. Qc6+ Ka7 95. Qxb5 Ka8 96. Ke7 Ka7 97. Kd7 Ka8 98. Kc7 Ka7 99. Qb7# 1-0